 Dungeon Sprint DCSS version 0.31-a0-986-g5e6e4ef867 (webtiles) character file.

Game seed: 10965465664007299983

9895 fingers the Ninja (level 11, 0/142 HPs)
             Began as a Vampire Gladiator on Nov 13, 2023.
             Was the Champion of Dithmenos.
             Succumbed to a naga mage's bolt of poison
             ... in the Dungeon (Sprint V: "Ziggurat Sprint").
             The game lasted 00:06:35 (548 turns).

fingers the Ninja (Vampire Gladiator)                Turns: 548, Time: 00:06:35

Health: 0/142      AC: 17    Str: 13    XL:     11   Next: 29%
Magic:  11/11      EV:  7    Int: 16    God:    Dithmenos [******]
Gold:   0          SH:  5    Dex: 33    Spells: 10/10 levels left

rFire   . . .        v - +9 quick blade (flame)
rCold   . . .        (no shield)
rNeg    . . .        H - +5 shadow dragon scales
rPois   .            c - +0 helmet
rElec   +            (no cloak)
rCorr   .            (no gloves)
SInv    +            (no boots)
Will    +....        T - amulet "Catotz" {Reflect Int+6 SH+5} Stlth
                     y - +6 ring of dexterity
HPRegen 0.63/turn    O - ring of Iklam {rElec Dex+6}
MPRegen 0.12/turn

%: no teleportation, reflection
@: berserking (expiring), lethally poisoned (0 -> -30), healing quickly,
wreathed by umbra, studying Dodging, very quick
A: alive, fangs 3, see invisible, vampiric 2
a: Exsanguinate, Renounce Religion, Shadow Step, Shadow Form


You were in the Dungeon.
You worshipped Dithmenos.
Dithmenos was exalted by your worship.
You visited 1 branch

Inventory:

Hand Weapons
 a - a +0 rapier
 u - a +5 dagger
 v - a +9 quick blade of flaming (weapon)
 w - a +5 rapier
Missiles
 d - 3 throwing nets (quivered)
 e - a javelin
Armour
 b - a +0 leather armour
 c - a +0 helmet (worn)
 H - +5 shadow dragon scales (worn)
Jewellery
 x - a ring of flight
 y - a +6 ring of dexterity (left hand)
 z - a +6 ring of dexterity
 A - a +6 ring of intelligence
 B - a +6 ring of intelligence
 C - a +6 ring of strength
 D - a +6 ring of strength
 I - a ring of protection from fire
 J - the ring "Nacuf" {rPois rC- MP+9 Int+3 SInv}
   (You found it in the Dungeon)

   [ring of poison resistance]

   Int+3:     It affects your intelligence (+3).
   rC-:       It makes you vulnerable to cold.
   rPois:     It protects you from poison MP+9: It affects your magic capacity
   (+9).
   SInv:      It lets you see invisible.
 K - a +4 ring of protection
 L - a +6 ring of dexterity
 N - the ring "Beqomp" {Ice Str+5 Slay+2}
   (You found it in the Dungeon)

   [ring of ice]

   Ice:       It enhances your ice magic.
   Str+5:     It affects your strength (+5).
   Slay+2:    It affects your accuracy & damage with ranged weapons and melee
   (+2).
   rF-:       It makes you vulnerable to fire.
   rC+:       It protects you from cold.
 O - the ring of Iklam (right hand) {rElec Dex+6}
   (You found it in the Dungeon)

   [ring of dexterity]

   Dex+6:     It affects your dexterity (+6).
   rElec:     It insulates you from electricity.
 P - an amulet of guardian spirit
 Q - a ring of fire
 R - the amulet "Poygreir" {RegenMP Dex+8}
   (You found it in the Dungeon)

   [amulet of magic regeneration]

   RegenMP:   It increases your rate of magic regeneration.
   Dex+8:     It affects your dexterity (+8).
 S - an amulet of regeneration
 T - the amulet "Catotz" (around neck) {Reflect Int+6 SH+5}
   (You found it in the Dungeon)

   [amulet of reflection]

   Reflect:   It reflects blocked missile attacks.
   Int+6:     It affects your intelligence (+6).
   SH+5:      It affects your SH (+5).
Wands
 m - a wand of flame (12)
 o - a wand of paralysis (3)
 E - a wand of mindburst (15)
 F - a wand of iceblast (9)
 G - a wand of quicksilver (12)
 M - a wand of digging (8)
Scrolls
 k - 4 scrolls of blinking
 q - 4 scrolls of amnesia
 r - 7 scrolls of fog
 s - 5 scrolls of identify
 t - 2 scrolls of fear
Potions
 f - 10 potions of curing
 g - 7 potions of heal wounds
 h - 6 potions of haste
 i - 7 potions of magic
 j - 2 potions of berserk rage
 l - 2 potions of brilliance
 n - 3 potions of resistance
 p - 4 potions of might


   Skills:
 + Level 11.8 Fighting
 + Level 17.6 Short Blades
 - Level 1.5 Throwing
 - Level 3.2 Dodging
 O Level 27 Stealth
 + Level 2.1 Shields
 + Level 4.3 Evocations


You had 10 spell levels left.
You didn't know any spells.
Your spell library contained the following spells:

 Spells                   Type           Power      Damage    Failure   Level
 Freeze                   Ice            0%         1d3       100%        1
 Ensorcelled Hibernation  Hex/Ice        0%         N/A       100%        2
 Jinxbite                 Hex            0%         N/A       100%        2
 Gell's Gravitas          Tloc           0%         N/A       100%        3
 Stone Arrow              Conj/Erth      0%         3d7       100%        3
 Teleport Other           Tloc           0%         N/A       100%        3
 Anguish                  Hex/Necr       0%         N/A       100%        4
 Animate Armour           Summ/Erth      0%         N/A       100%        4
 Animate Dead             Necr           0%         N/A       100%        4
 Brom's Barrelling Bould  Conj/Erth      0%         2d3       100%        4
 Leda's Liquefaction      Hex/Erth       0%         N/A       100%        4
 Borgnjor's Vile Clutch   Necr/Erth      0%         N/A       100%        5
 Fireball                 Conj/Fire      0%         3d3       100%        5
 Freezing Cloud           Conj/Ice/Air   0%         6-21      100%        5
 Iskenderun's Battlesphe  Conj           0%         2d6       100%        5
 Conjure Ball Lightning   Conj/Air       0%         3x3d6     100%        6
 Death Channel            Necr           0%         N/A       100%        6
 Dispersal                Tloc           0%         N/A       100%        6
 Monstrous Menagerie      Summ           0%         N/A       100%        7
 Orb of Destruction       Conj           0%         9d5       100%        7
 Shatter                  Erth           0%         3d5*      100%        9


Dungeon Overview and Level Annotations

Branches:
Dungeon (1/1)

Altars:
Ashenzari
Cheibriados
Dithmenos
Fedhas
Gozag
Hepliaklqana
Kikubaaqudgha
Makhleb
Nemelex Xobeh
Okawaru
Qazlal
Ru
Sif Muna
Trog
Uskayaw
Vehumet
Wu Jian
Xom
Yredelemnul
Jiyva
Lugonu

Annotations:
D 1 transporter


Innate Abilities, Weirdness & Mutations

Your natural rate of healing is accelerated.
You have razor-sharp teeth.
You have supernaturally acute eyesight. (SInv)
You are afflicted with vampirism and can become a bat while bloodless.


Message History

Your shadow hits the naga warrior with a quick blade.
You kill the naga warrior!
Dithmenos accepts your kill.
* * * LOW HITPOINT WARNING * * *
You feel very sick.
Your Fighting skill increases to level 11!
Your Shields skill increases to level 1!
Your Evocations skill increases to level 4!
You puncture the naga warrior! You burn the naga warrior.
You impale the naga warrior!! You burn the naga warrior.
You kill the naga warrior!
Dithmenos accepts your kill.
You feel sick. The naga barely misses you. The naga constricts you.
* * * LOW HITPOINT WARNING * * *
The water moccasin bites you but does no damage.
Your Shields skill increases to level 2!
You puncture the naga! You burn the naga. You puncture the naga!
You burn the naga.
You kill the naga!
Dithmenos accepts your kill.
* * * LOW HITPOINT WARNING * * *
You feel very sick. The water moccasin barely misses you.
The naga mage casts a spell at you. The bolt of poison hits you!
You are more poisoned.
* * * LOW HITPOINT WARNING * * *
* * * LOW HITPOINT WARNING * * *
You feel extremely sick.
The naga mage gestures at the water moccasin while chanting.
The water moccasin seems to grow toxic.
You see here a +0 hand axe.
You feel a strong urge to attack something.
* * * LOW HITPOINT WARNING * * *
You feel very sick.
You impale the water moccasin!! You burn the water moccasin.
You puncture the water moccasin! You burn the water moccasin.
You kill the water moccasin!
Dithmenos accepts your kill.
You die...

▓....©....▓...©...▓
▓▓▓▓▓▓▓▓▓▓▓▓▓▓▓▓▓▓▓▓▓
▓...8©8...▓...8©8...▓
▓..§§§[)..▓....)....▓
▓.§§§§§§..▓...)..|..▓
▓..§)§N..§▓.........▓
▓.§§§§§.§§▓.........▓
▓§.§N§S§§§▓.....)†..▓
▓..§§§§@§§▓......†..▓
▓...§§§§§§▓.▓..††)▓.▓
▓.▓.§§§§▓.▓....©....▓
▓...§©..§§▓▓▓▓▓▓▓▓▓▓▓
▓▓▓▓▓▓▓▓▓▓▓


You could see a naga mage (fast, strong) and a water moccasin (curare).

Vanquished Creatures
  A purple draconian (D)
  An anaconda (D)
  2 naga warriors (D)
  A spriggan druid (D)
  A deep elf zephyrmancer (D)
  2 deep elf pyromancers (D)
  2 shining eyes (D)
  5 draconians (D)
  A black mamba (D)
  A glass eye (D)
  2 tarantellas (D)
  A hornet (D)
  2 jumping spiders (D)
  A spriggan (D)
  A naga (D)
  A water moccasin (D)
  An orc warrior (D)
  4 black bears (D)
  3 wolves (D)
  A necrophage (D)
  A scorpion (D)
  An earth elemental (D)
  3 wights (D)
  A quasit (D)
  2 crimson imps (D)
  2 jellies (D)
  An iron imp (D)
  3 orc wizards (D)
  A white imp (D)
  An ufetubus (D)
  An adder zombie (D)
  2 orcs (D)
  2 bat skeletons (D)
  A bat zombie (D)
  3 endoplasms (D)
  A ball python (D)
  A ball python skeleton (D)
  A jackal zombie (D)
62 creatures vanquished.

Notes
Turn   | Place    | Note
-------+----------+-------------------------------------------
     0 | D        | fingers the Vampire Gladiator began the quest for the Orb.
     0 | D        | Reached XP level 1. HP: 16/16 MP: 1/1
     0 | D        | Found a shimmering blue altar of Sif Muna.
     0 | D        | Found a bloodstained altar of Trog.
     0 | D        | Found a sacrificial altar of Ru.
     0 | D        | Found a stormy altar of Qazlal.
     0 | D        | Found an iron altar of Okawaru.
     1 | D        | Found a sparkling altar of Nemelex Xobeh.
     1 | D        | Found a blossoming altar of Fedhas.
     1 | D        | Found the +6 Majin-Bo {spellvamp, MP+6 Int+6}
     1 | D        | Found the +27 heavy crossbow "Sniper" {heavy, Acc+∞ SInv}
     1 | D        | Found the +10 dark maul {heavy}
     1 | D        | Found the +15 Maxwell's patent armour {-Cast -Tele rElec
                  | Will+ rCorr}
     1 | D        | Found the +18 shield of the Gong {Loud rN+ Will+ rCorr
                  | EV-5}
     1 | D        | Found the +16 obsidian axe {drain, demonic, Mesm Drain Fly
                  | SInv}
     1 | D        | Found the +7 great mace "Firestarter" {flame, immolate,
                  | rFlCloud rF++}
     1 | D        | Found the +6 shillelagh "Devastator" {shatter}
     1 | D        | Found the +11 plutonium sword {Contam Stlth-}
     1 | D        | Found the +8 lance "Wyrmbane" {slay drac, rPois rF+ rC+
                  | AC+3}
     1 | D        | Found the +9 sword of Zonguldrok {reap}
     1 | D        | Found the +13 scythe of Curses {drain, curses, Drain}
     1 | D        | Found the +9 sword of Power {lifebolt}
     1 | D        | Found the +7 mace of Variability {chaos, chaos arc}
     1 | D        | Found the +11 Singing Sword {sonic wave}
     1 | D        | Found the +8 storm bow {elec, penet}
     3 | D        | Found a transporter.
     3 | D        | Found an ancient bone altar of Kikubaaqudgha.
     3 | D        | Found a viscous altar of Jiyva.
     3 | D        | Found a corrupted altar of Lugonu.
     3 | D        | Found a hazy altar of Hepliaklqana.
     3 | D        | Found a burning altar of Makhleb.
     3 | D        | Found an opulent altar of Gozag.
    60 | D        | Became a worshipper of Dithmenos the Shadowed
    84 | D        | Reached skill level 11 in Stealth
    84 | D        | Reached XP level 2. HP: 22/22 MP: 2/2
    97 | D        | Entered arena 2.
    97 | D        | Noticed a crimson imp
    97 | D        | Found a transporter.
   103 | D        | Killed a crimson imp
   104 | D        | Reached skill level 12 in Stealth
   104 | D        | Gained mutation: You are afflicted with vampirism and can
                  | become a bat while bloodless. [Vampire growth]
   104 | D        | Reached XP level 3. HP: 23/27 MP: 3/3
   117 | D        | Entered arena 3.
   117 | D        | Noticed a wight
   117 | D        | Found a transporter.
   122 | D        | Killed a wight
   122 | D        | Reached * piety under Dithmenos
   123 | D        | Reached XP level 4. HP: 34/34 MP: 4/4
   129 | D        | Entered arena 4.
   129 | D        | Found a transporter.
   134 | D        | Reached ** piety under Dithmenos
   135 | D        | Reached skill level 13 in Stealth
   147 | D        | Reached XP level 5. HP: 24/41 MP: 5/5
   157 | D        | Reached *** piety under Dithmenos
   158 | D        | Reached skill level 14 in Stealth
   188 | D        | Got Sif Muna's Writings on Spelunking and Congelation
   198 | D        | Entered arena 5.
   198 | D        | Noticed a deep elf pyromancer
   198 | D        | Noticed a deep elf zephyrmancer
   198 | D        | Noticed a deep elf pyromancer
   198 | D        | Found a transporter.
   204 | D        | Killed a deep elf zephyrmancer
   205 | D        | Reached skill level 5 in Fighting
   205 | D        | Reached skill level 18 in Stealth
   205 | D        | Reached skill level 1 in Evocations
   205 | D        | Reached XP level 6. HP: 51/51 MP: 6/6
   205 | D        | Reached XP level 7. HP: 56/56 MP: 7/7
   206 | D        | Killed a deep elf pyromancer
   207 | D        | Reached skill level 19 in Stealth
   207 | D        | Reached XP level 8. HP: 64/64 MP: 8/8
   207 | D        | Killed a deep elf pyromancer
   207 | D        | Reached **** piety under Dithmenos
   208 | D        | Reached skill level 21 in Stealth
   209 | D        | Got the ring "Nacuf" {rPois rC- MP+9 Int+3 SInv}
   225 | D        | Entered arena 6.
   225 | D        | Noticed a jumping spider
   225 | D        | Noticed a jumping spider
   225 | D        | Noticed a tarantella
   225 | D        | Noticed a tarantella
   225 | D        | Found a transporter.
   230 | D        | Killed a jumping spider
   232 | D        | Killed a tarantella
   233 | D        | Reached skill level 22 in Stealth
   233 | D        | Reached XP level 9. HP: 69/69 MP: 9/9
   234 | D        | Reached ***** piety under Dithmenos
   235 | D        | Reached skill level 23 in Stealth
   244 | D        | Entered arena 7.
   244 | D        | Found the +4 robe of Folly {Brill Will-∞ Int+8}
   246 | D        | Found a transporter.
   264 | D        | Entered arena 8.
   264 | D        | Noticed a draconian
   264 | D        | Noticed a purple draconian
   264 | D        | Noticed a draconian
   264 | D        | Noticed a draconian
   264 | D        | Noticed a draconian
   264 | D        | Noticed a draconian
   265 | D        | Found a transporter.
   270 | D        | Killed a draconian
   271 | D        | Reached skill level 24 in Stealth
   272 | D        | Killed a purple draconian
   273 | D        | Reached skill level 25 in Stealth
   274 | D        | Killed a draconian
   275 | D        | Reached skill level 26 in Stealth
   275 | D        | Reached XP level 10. HP: 77/77 MP: 10/10
   275 | D        | Killed a draconian
   276 | D        | Reached skill level 27 in Stealth
   276 | D        | Killed a draconian
   276 | D        | Reached ****** piety under Dithmenos
   277 | D        | Killed a draconian
   278 | D        | Reached skill level 15 in Short Blades
   285 | D        | Entered arena 9.
   286 | D        | Found a transporter.
   305 | D        | Got the ring "Beqomp" {Ice Str+5 Slay+2}
   307 | D        | Got the ring of Iklam {rElec Dex+6}
   328 | D        | Entered arena 10.
   328 | D        | Noticed a shining eye
   328 | D        | Noticed a shining eye
   329 | D        | Found a transporter.
   334 | D        | Killed a shining eye
   336 | D        | Killed a shining eye
   362 | D        | Entered arena 11.
   362 | D        | Noticed a spriggan rider
   362 | D        | Noticed a spriggan druid
   363 | D        | Found a transporter.
   368 | D        | Killed a spriggan druid
   386 | D        | Reached XP level 11. HP: 31/90 MP: 11/11
   503 | D        | Got the Handbook of Crystalline Invitation
   507 | D        | Got the amulet "Poygreir" {RegenMP Dex+8}
   513 | D        | Got the amulet "Catotz" {Reflect Int+6 SH+5}
   522 | D        | Entered arena 12.
   523 | D        | Noticed an anaconda
   523 | D        | Noticed a naga warrior
   523 | D        | Noticed a naga warrior
   524 | D        | Found a transporter.
   532 | D        | Killed an anaconda
   533 | D        | Reached skill level 10 in Fighting
   543 | D        | Killed a naga warrior
   544 | D        | Reached skill level 1 in Shields
   544 | D        | Killed a naga warrior
   546 | D        | HP: 7/142 [poisoned by a naga mage (bolt of poison)]
   547 | D        | HP: 3/142 [poisoned by a naga mage (bolt of poison)]
   548 | D        | Succumbed to a naga mage's bolt of poison

Illustrated notes

Levels and vault maps discovered:
D:        sprint_v [room_start, room_1, room_2, room_3, room_4, room_5, room_6,
          room_7, room_8, room_9, room_10, room_11, room_12, room_13, room_14,
          room_15, room_16, room_17, room_18, room_19, room_20, room_21,
          room_22, room_23, room_24, room_25, room_26, room_27]

Skill      XL: |  1  2  3  4  5  6  7  8  9 10 11 |
---------------+----------------------------------+-----
Stealth        | 11 12 13 18 19 22 26 27 | 27.0
Fighting       | 2 3 5 6 9 11 | 11.8
Short Blades   | 4 6 7 11 13 14 17 | 17.6
Evocations     | 1 3 4 |  4.3
Shields        | 2 |  2.1
Throwing       | |  1.5
Dodging        | |  3.2

Action                     |  1- 3 |  4- 6 |  7- 9 | 10-12 || total
---------------------------+-------+-------+-------+-------++-------
  Melee: Rapier            |     7 |    25 |       |       ||    32
         Bite              |       |     4 |       |     9 ||    13
         Quick blade       |       |     2 |    18 |    88 ||   108
         Punch             |       |     1 |       |       ||     1
  Evoke: Wand              |     1 |       |       |     3 ||     4
    Use: Potion            |     1 |     2 |     1 |     5 ||     9
         Scroll            |       |     4 |       |     1 ||     5
   Stab: Paralysed         |     1 |       |       |       ||     1
         Sleeping          |       |     4 |    15 |    11 ||    30
         Invisible         |       |     3 |     1 |       ||     4
 Armour: Shadow dragon sca |    14 |    31 |       |   110 ||   155
  Dodge: Dodged            |     8 |    10 |       |    47 ||    65
  Block: Other             |       |       |       |     6 ||     6

Table legend: (Time is in decaauts)
 A = Elapsed time spent in this place.
 B = Non-inter-level travel time spent in this place.
 C = Inter-level travel time spent in this place.
 D = Time resting spent in this place.
 E = Time spent auto-exploring this place.
 F = Levels seen in this place.
 G = Mean time per level.
                   A        B        C        D        E       F      G
               +--------+--------+--------+--------+--------+-----+--------+
         Total |    502 |    499 |      3 |      0 |    146 |   1 |  502.0 |
       Dungeon |    502 |    499 |      3 |      0 |    146 |   1 |  502.0 |
               +--------+--------+--------+--------+--------+-----+--------+

Top non-repeatable levels by time:
       D: 502 daAuts
